 Dungeon Crawl Stone Soup version 0.19.4-9-g45fd643 (console) character file.

709 Grinner the Grappler (level 7, -21/66 HPs)
             Began as a Troll Monk on Feb 19, 2017.
             Demolished by an ogre
             ... wielding a +0 giant club
              (25 damage)
             ... on level 4 of the Dungeon.
             The game lasted 00:06:58 (2556 turns).

Grinner the Grappler (Troll Monk)                   Turns: 2556, Time: 00:06:59

Health: -21/66     AC:  8    Str: 22    XL:     7   Next: 40%
Magic:  6/6        EV: 16    Int: 11    God:
Gold:   134        SH:  0    Dex: 17    Spells: 0 memorised, 6 levels left

rFire  + + .     SeeInvis .       - Unarmed
rCold  + + .     Gourm    +     o - +0 robe {rF+}
rNeg   . . .     Faith    .     (no shield)
rPois  +         Spirit   .     (helmet restricted)
rElec  +         Reflect  .     (no cloak)
rCorr  +         Harm     .     (gloves unavailable)
MR     .....                    (boots unavailable)
Stlth  +++.......               (no amulet)
                                u - ring of protection from cold
                                q - +3 ring of protection

@: brilliant, agile, resistant
A: unfitting armour, claws 3, fast metabolism 3, gourmand, regeneration 1,
shaggy fur 1, tough skin 2
a: no special abilities


You were on level 4 of the Dungeon.
You were very full.

You visited 1 branch of the dungeon, and saw 4 of its levels.

You collected 134 gold pieces.

Inventory:

Armour
 a - a +0 robe
 n - a +2 robe of the Archmagi
 o - a +0 robe of fire resistance (worn)
Jewellery
 q - a +3 ring of protection (left claw)
 t - a +2 ring of evasion
 u - a ring of protection from cold (right claw)
Wands
 w - a wand of random effects (32/48)
Scrolls
 c - 2 scrolls of magic mapping {unknown}
 e - 2 scrolls of teleportation {unknown}
 f - 4 scrolls of remove curse {unknown}
 g - a scroll of enchant armour {unknown}
 i - a scroll of blinking {unknown}
 k - 7 scrolls of identify {unknown}
 l - 3 scrolls of fear {unknown}
Potions
 d - 2 potions of curing
 h - a potion of berserk rage {unknown}
 j - a potion of ambrosia
Comestibles
 b - 7 bread rations
 p - a beef jerky
 v - 4 fruits
 z - 3 meat rations


   Skills:
 - Level 2.4 Fighting
 - Level 2.4 Dodging
 - Level 1.0 Stealth
 + Level 8.8 Unarmed Combat


You had 6 spell levels left.
You didn't know any spells.

Dungeon Overview and Level Annotations

Branches:
Dungeon (4/15)
 Temple: D:4-7

Altars:
Nemelex Xobeh
Trog


Innate Abilities, Weirdness & Mutations

You are too large for most types of armour.
You have claws for hands.
Your metabolism is lightning-fast.
You like to eat raw meat.
Your natural rate of healing is unusually fast.
You are covered in fur. (AC +1)
You have very tough skin. (AC +2)


Message History

The orc priest hits you with a whip!
The crimson imp hits you but does no damage.
The ogre hits you with a giant club!!
* * * LOW HITPOINT WARNING * * *
You scratch the ogre. Your claw misses the ogre.
The ogre is severely wounded.
The crimson imp hits you but does no damage.
The orc closely misses you.
The crimson imp blinks!
The orc priest begins to cast a cantrip, but forgets the words!
The crimson imp blinks!
You scratch the ogre.
The ogre is almost dead.
The ogre misses you. The crimson imp closely misses you.
The orc hits you from afar with a trident.
* * * LOW HITPOINT WARNING * * *
The orc priest hits you but does no damage.
You scratch the ogre but do no damage.
The ogre is almost dead.
The crimson imp blinks! x2; The ogre hits you with a giant club!!
You die...

....................##.##.
...#+##.......##.............
......†...########...#.......
...#.#....# #......#.......
#.#.†..#####...####.....#.
.#.#....#.......####.......
........#.............#....
#.......#..§....).....#...>
.'......5o.@...............†
.#.....(.#.Oo§.........#....
.........###...........#....
........oO.....5............
...........##.........####.
...........##...####### #.
.....####### §.# #. .....
.... ..... ....


You could see an ogre, an orc priest, 2 crimson imps and an orc.

Vanquished Creatures
  The ghost of Orthose the Bolt Thrower, an amateur DDHu (D:3)
  3 eyes of draining (D:3)
  2 howler monkeys (D:4)
  An orc priest (D:4)
  A bullfrog skeleton (D:4)
  Jessica (D:2)
  2 worker ants (D:4)
  An adder (D:3)
  2 dart slugs
  4 leopard geckos
  5 orcs
  4 ball pythons
  4 giant cockroaches
  7 goblins
  6 hobgoblins
  12 jackals
  3 quokkas
  3 bats
  4 frilled lizards
  6 kobolds
  6 rats
78 creatures vanquished.

Notes
Turn   | Place    | Note
-------+----------+-------------------------------------------
     0 | D:1      | Grinner the Troll Monk began the quest for the Orb.
     0 | D:1      | Reached XP level 1. HP: 22/22 MP: 0/0
   186 | D:1      | Reached XP level 2. HP: 28/29 MP: 1/1
   346 | D:1      | Reached skill level 4 in Unarmed Combat
   663 | D:1      | Reached XP level 3. HP: 36/36 MP: 2/2
   977 | D:2      | Noticed Jessica
   981 | D:2      | Killed Jessica
  1139 | D:2      | Reached XP level 4. HP: 44/44 MP: 3/3
  1250 | D:2      | Reached skill level 5 in Unarmed Combat
  1768 | D:3      | Found a sparkling altar of Nemelex Xobeh.
  1846 | D:3      | Noticed Orthose's ghost (amateur DDHu)
  1865 | D:3      | Killed Orthose's ghost
  1865 | D:3      | Reached skill level 6 in Unarmed Combat
  1865 | D:3      | Reached XP level 5. HP: 44/50 MP: 4/4
  2068 | D:3      | Noticed an eye of draining
  2069 | D:3      | Found a bloodstained altar of Trog.
  2071 | D:3      | Noticed an eye of draining
  2071 | D:3      | Noticed an eye of draining
  2089 | D:3      | Killed an eye of draining
  2089 | D:3      | Reached skill level 7 in Unarmed Combat
  2089 | D:3      | Reached XP level 6. HP: 21/59 MP: 0/5
  2108 | D:3      | Reached skill level 8 in Unarmed Combat
  2108 | D:3      | Reached XP level 7. HP: 33/66 MP: 1/6
  2553 | D:4      | HP: 3/66 [ogre/giant club (21)]
  2556 | D:4      | Demolished by an ogre

Skill      XL: |  1  2  3  4  5  6 |
---------------+-------------------+-----
Unarmed Combat | 4 6 7 8 |  8.8
Fighting       | |  2.4
Dodging        | |  2.4
Stealth        | |  1.0

Action                   |  1- 3 |  4- 6 |  7- 9 || total
-------------------------+-------+-------+-------++-------
Melee: Unarmed           |    74 |    89 |    54 ||   217
       Punch             |     1 |     1 |     1 ||     3
Evoke: Wand              |       |       |     2 ||     2
  Use: Potion            |       |     5 |     4 ||     9
 Stab: Sleeping          |     4 |     1 |       ||     5
  Eat: Chunk             |    16 |     7 |     5 ||    28
Armor: Robe              |    14 |    22 |    25 ||    61
Dodge: Dodged            |    32 |    36 |    47 ||   115
